Map: 10000 Feet LE

Players

Calsus - Winner!

  • Race: Zerg Zerg
  • Spawn Location: 11:00

VOD

Have the link to the VOD?

Description

Time

  • Played on: June 16, 2026, 4:30 p.m.
  • Length: 79:46
Show
View Real Time Build Order
Export as new Build Order

Calsus Zerg - Winner!

Build Orders:  

Get SALT Encoding   

  12  0:12  Overlord  
  12  0:20  Extractor  
  12  0:27  Extractor  
  10  0:30  Drone  
  10  0:33  Drone  
  10  0:39  Drone  
  13  0:51  Drone  
  14  1:03  Drone  
  15  1:18  Drone  
  16  1:45  Spawning Pool  
  15  2:08  Drone x3  
  18  2:35  Drone  
  19  2:59  Zergling x4  
  21  3:20  Hatchery, Queen  
  22  3:44  Overlord  
  22  3:45  Overlord  
  22  4:20  Zergling x6  
  25  4:37  Spine Crawler  
  25  4:39  Metabolic Boost  
  24  4:44  Drone  
  25  5:33  Hatchery  
  24  5:57  Drone  
  24  5:58  Drone  
  26  6:06  Drone  
  27  6:17  Spine Crawler  
  27  6:18  Drone x2  
  28  6:25  Drone  
  29  6:35  Overlord  
  29  6:48  Drone x2  
  28  7:10  Zergling x4  
  28  7:11  Zergling x2  
  29  7:23  Zergling x6  
  32  8:18  Zergling x6  
  35  8:38  Spine Crawler  
  34  8:59  Lair  
  34  9:00  Hatchery  
  33  9:32  Overlord  
  33  9:33  Zergling x2  
  33  9:34  Zergling x2  
  35  9:57  Evolution Chamber  
  34  10:16  Spire  
  34  10:19  Overlord  
  33  10:20  Drone  
  34  10:54  Drone x2  
  34  10:58  Drone  
  37  11:02  Zerg Melee Weapons Level 1  
  37  11:35  Spore Crawler  
  36  11:43  Overlord  
  36  11:44  Drone x2  
  36  11:46  Drone  
  36  11:48  Zergling x4  
  41  11:51  Zerg Flyer Weapons Level 1  
  41  12:14  Mutalisk x3  
  41  12:19  Mutalisk x3  
  50  12:28  Mutalisk  
  50  12:29  Mutalisk x2  
  50  12:30  Unknown  
  50  12:37  Unknown  
  33  13:34  Drone x3  
  36  13:40  Drone x3  
  36  13:42  Zerg Ground Armor Level 1  
  39  14:02  Mutalisk x2  
  39  14:03  Mutalisk x3  
  49  14:31  Zerg Flyer Armor Level 1  
  49  14:32  Spore Crawler  
  48  14:49  Hydralisk Den  
  47  15:01  Drone x3  
  92  15:10  Drone x3  
  53  15:31  Extractor  
  52  16:22  Zerg Missile Weapons Level 1  
  52  16:23  Hydralisk x2  
  52  16:24  Hydralisk  
  58  16:34  Drone x2  
  58  16:35  Drone  
  61  16:43  Drone x2  
  63  16:58  Drone  
  64  17:11  Zerg Flyer Weapons Level 2  
  64  17:12  Extractor  
  64  17:16  Hydralisk x2  
  67  17:25  Unknown  
  58  17:43  Unknown  
  51  18:21  Mutalisk x2  
  51  18:22  Mutalisk x2  
  59  18:41  Drone  
  59  18:42  Drone x2  
  62  18:55  Unknown  
  62  19:13  Hatchery  
  61  19:23  Mutalisk  
  61  19:24  Mutalisk  
  65  19:35  Corruptor  
  65  19:36  Corruptor x2  
  71  20:21  Zerg Flyer Armor Level 2  
  71  20:22  Zerg Missile Weapons Level 2  
  71  20:27  Mutalisk x2  
  75  20:53  Overlord  
  75  20:54  Overlord  
  75  21:39  Spore Crawler  
  74  21:52  Drone x2  
  72  22:17  Mutalisk x2  
  70  22:23  Mutalisk x3  
  70  22:37  Corruptor  
  72  23:00  Extractor  
  71  23:25  Extractor  
  70  23:49  Mutalisk  
  72  24:00  Drone x2  
  74  24:23  Corruptor  
  74  24:24  Mutalisk  
  78  25:23  Corruptor  
  78  25:24  Mutalisk  
  78  25:25  Mutalisk  
  84  26:14  Mutalisk x3  
  90  26:50  Zergling x2  
  90  26:51  Zergling x2  
  92  27:01  Drone x2  
  85  28:21  Unknown  
  85  28:32  Mutalisk  
  85  28:33  Mutalisk x2  
  91  28:43  Overlord  
  91  28:44  Overlord  
  91  29:06  Spine Crawler  
  90  29:17  Spore Crawler  
  89  29:38  Spore Crawler  
  88  29:52  Spine Crawler  
  87  30:03  Corruptor x2, Mutalisk  
  93  30:15  Mutalisk x3  
  99  30:38  Spine Crawler  
  98  30:50  Spore Crawler  
  98  30:54  Spore Crawler  
  96  31:39  Corruptor x2  
  100  31:40  Mutalisk  
  58  40:22  Mutalisk x3  
  58  40:26  Mutalisk x3  
  54  41:53  Mutalisk x3  
  54  41:58  Mutalisk x4  
  54  41:59  Mutalisk x2  
  52  43:17  Mutalisk x2  
  52  43:18  Mutalisk  
  58  43:23  Mutalisk x2  
  58  43:24  Mutalisk  
  50  45:40  Mutalisk  
  52  46:14  Hydralisk  
  52  46:16  Zergling x4  
  52  46:17  Zergling x2  
  57  46:22  Zergling x6  
  56  47:51  Zergling x6  
  56  47:52  Zergling x6  
  56  47:57  Zergling x6  
  46  49:25  Drone  
  46  49:26  Drone  
  42  50:26  Zergling x8  
  42  50:27  Zergling x4  
  48  50:31  Zergling x6  
  51  51:10  Extractor  
  48  51:23  Zergling x4  
  48  51:24  Zergling x2  
  44  52:34  Hatchery  
  43  52:57  Zergling x4  
  43  52:58  Zergling x6  
  48  53:09  Extractor  
  47  53:20  Hydralisk  
  47  53:21  Zergling x2  
  47  53:22  Zergling x2  
  51  54:06  Evolution Chamber  
  45  55:25  Hydralisk x2  
  42  56:37  Zerg Melee Weapons Level 2  
  42  56:49  Drone x2  
  44  56:50  Drone  
  45  57:11  Mutalisk  
  41  58:40  Mutalisk  
  41  58:41  Mutalisk x2  
  47  59:13  Zergling x6  
  50  59:42  Mutalisk  
  50  59:46  Zergling x4  
  54  59:53  Zergling x4  
  54  59:54  Zergling x2  
  54  59:59  Mutalisk  
  59  60:00  Zergling x2  
  51  61:28  Mutalisk x2  
  51  61:30  Zergling x4  
  51  61:35  Zergling x6  
  56  61:41  Zergling x4  
  56  61:42  Zergling x2  
  55  62:55  Mutalisk x2  
  59  63:02  Hydralisk  
  59  63:03  Hydralisk  
  59  63:04  Zergling x2  
  59  63:09  Zergling x4  
  380  63:10  Zergling x6  
  64  63:11  Unknown  
  39  67:29  Mutalisk x2  
  43  67:30  Mutalisk  
  43  67:36  Mutalisk  
  43  67:37  Mutalisk x2  
  51  67:43  Mutalisk  
  51  67:47  Zergling x4  
  55  68:36  Mutalisk  
  55  70:23  Mutalisk x3  
  61  70:34  Zergling x6  
  64  70:40  Zergling x6  
  49  73:38  Mutalisk x2  
  49  73:39  Mutalisk  
  55  75:44  Mutalisk x3  
  61  77:51  Mutalisk  
  61  77:52  Mutalisk x2  
Tags
 
Add a new tag
Caveats
  • Supply blocks, unpowered buildings, or Contaminate may cause inaccurate times.
  • Supply counts are checked every 10 seconds.